AoeStats
← BigJ

Arena

509256785Analyzed
2v2 RM · 4d ago on Sep 26, 2026· 43m 41s· 4 players
Game mode
Random Map
Map size
Medium (4 player)
Population
200
Speed
Normal
Resources
Standard
Victory
Conquest
Starting age
Dark Age
Ending age
Imperial Age
RankedLock teamsTeams togetherTeam positionsShared explorationLock speedFull tech treeHidden civsTurbo modeCheats
Victory
Defeat
🇺🇸 Franks · United States
869
+14
🇰🇷 Saracens · South Korea
860
+14
🇺🇸 Varangians · United States
818
-14
🇺🇸 Saxons · United States
813
-14
BigJ
11:04 Feudal Age
9:20 Loom
17:52 Castle Age
24:42 Crossbowman
26:50 Pikeman
27:26 Fletching
27:38 Padded Archer Armor
31:05 Thumb Ring
35:03 Imperial Age
33:10 Wheelbarrow
33:59 Double-Bit Axe
36:48 Halberdier
41:27 Chemistry
42:10 Arbalester
TheBoss2333
11:28 Feudal Age
12:01 Double-Bit Axe
12:30 Horse Collar
16:05 Gold Mining
17:06 Stone Mining
22:22 Castle Age
22:06 Forging
24:40 Scale Mail Armor
27:24 Heavy Plow
29:59 Bow Saw
30:42 Iron Casting
39:39 Chain Mail Armor
39:30 Scale Barding Armor
Mouse
0:29 Loom
10:50 Feudal Age
16:50 Castle Age
16:47 Double-Bit Axe
22:17 Town Watch
23:59 Pikeman
30:45 Imperial Age
31:56 Gold Mining
32:43 Fletching
32:54 Padded Archer Armor
33:59 Capped Ram
38:08 Wheelbarrow
37:42 Bodkin Arrow
38:03 Leather Archer Armor
37:10 Halberdier
37:49 Onager
39:09 Murder Holes
43:14 Scale Mail Armor
43:25 Forging
changlee8
0:33 Loom
15:25 Feudal Age
15:59 Horse Collar
16:06 Double-Bit Axe
17:14 Wheelbarrow
16:39 Gold Mining
16:40 Stone Mining
22:41 Castle Age
20:51 Town Watch
21:11 Arson
22:40 Bloodlines
22:50 Scale Mail Armor
22:53 Padded Archer Armor
24:06 Gold Shaft Mining
23:33 Heavy Plow
24:01 Bow Saw
26:08 Fletching
28:42 Caravan
32:14 Imperial Age
30:06 Murder Holes
30:34 Bodkin Arrow
32:01 Husbandry
32:27 Forging
32:23 Scale Barding Armor
32:44 Ballistics
32:51 Fervor
33:01 Sanctity
33:14 Squires
33:42 Chain Mail Armor
34:03 Masonry
34:04 Fortified Wall
34:11 Pikeman
34:14 Heavy Camel Rider
35:11 Elite Mameluke
37:39 Hoardings
37:04 Elite Skirmisher
38:30 Iron Casting
38:39 Hand Cart
38:52 Leather Archer Armor
39:45 Town Patrol
40:50 Two-Man Saw
40:52 Light Cavalry
42:56 Counterweights
44:11 Chemistry
44:38 Blast Furnace
Connection lost

Rejoining the realm…

Still unreachable

The connection could not be restored.

Session expired

The server has moved on; the page needs a fresh start.